EVO
PENNSYLVANIA STATE UNIVERSITY NITTANY LIONS @ CLEMSON UNIVERSITY TIGERS
08/06/2044
 
TOP OF THE 1ST
Pennsylvania State University Nittany Lions batting - Pitching for Clemson University Tigers : RHP Zhao-jun Zong
Pitching: RHP Zhao-jun Zong
Batting: RHB Chris Trites 0-0: Ball
1-0: Ball
2-0: Ball
3-0: Base on Balls
Batting: RHB Coen Dirks 0-0: Ball
1-0: Ball
2-0: Ball
3-0: Called Strike
3-1: Foul Ball, location: 2F
3-2: Strikes out looking
Batting: RHB Ben Burkholder 0-0: Ball
1-0: Called Strike
1-1: SINGLE (Groundball, 34S, EV 70.0 MPH) (infield hit)
Chris Trites to second
Batting: RHB Dave Fredericks 0-0: Ball
1-0: Called Strike
1-1: Ball
2-1: Ball
3-1: Foul Ball, location: 2F
3-2: Foul Ball, location: 2F
3-2: Foul Ball, location: 2F
3-2: DOUBLE (Flyball, 89XD, EV 110.0 MPH)
Chris Trites scores
Ben Burkholder to third
Batting: LHB Angel Oropeza 0-0: Ball
1-0: Ball
2-0: Ball
3-0: Base on Balls
Batting: RHB Brian Rogers 0-0: Ball
1-0: Swinging Strike
1-1: Foul Ball, location: 2F
1-2: Foul Ball, location: 2F
1-2: Ball
2-2: Ball
3-2: Fly out, F9 (Flyball, 9S, EV 81.9 MPH)
Runner from 3rd tags up, SCORES, throw by RF
Batting: RHB Ethan Finke 0-0: Ball
1-0: Ball
2-0: Called Strike
2-1: Foul Ball, location: 2F
2-2: Ball
3-2: Base on Balls
Dave Fredericks to third
Angel Oropeza to second
Batting: RHB Alberto Bravo 0-0: Called Strike
0-1: Ball
1-1: Ball
2-1: Called Strike
2-2: Strikes out swinging
Top of the 1st over - 2 runs, 2 hits, 0 errors, 3 left on base; Pennsylvania State University 2 - Clemson University 0
BOTTOM OF THE 1ST
Clemson University Tigers batting - Pitching for Pennsylvania State University Nittany Lions : LHP Enrique Espinoza
Pitching: LHP Enrique Espinoza
Batting: LHB Nick Martin 0-0: Ball
1-0: Ground out 6-3 (Groundball, 6MS, EV 93.8 MPH)
Batting: RHB Leo Candelas 0-0: Called Strike
0-1: Foul Ball, location: 2F
0-2: Foul Ball, location: 2F
0-2: Strikes out looking
Batting: RHB Wes Reynolds 0-0: Called Strike
0-1: Fly out, F7 (Line Drive, 7, EV 88.8 MPH)
Bottom of the 1st over - 0 runs, 0 hits, 0 errors, 0 left on base; Pennsylvania State University 2 - Clemson University 0
TOP OF THE 2ND
Pennsylvania State University Nittany Lions batting - Pitching for Clemson University Tigers : RHP Zhao-jun Zong
Batting: RHB Roberto Torres 0-0: Called Strike
0-1: Ball
1-1: Foul Ball, location: 2F
1-2: Ball
2-2: Ball
3-2: Foul Ball, location: 2F
3-2: Foul Ball, location: 2F
3-2: Strikes out looking
Batting: RHB Chris Trites 0-0: Called Strike
0-1: Called Strike
0-2: Foul Ball, location: 2F
0-2: Foul Ball, location: 2F
0-2: Ball
1-2: Ball
2-2: Ground out 5-3 (Groundball, 56, EV 93.1 MPH)
Batting: RHB Coen Dirks 0-0: Ball
1-0: Called Strike
1-1: SINGLE (Line Drive, 34D, EV 95.0 MPH)
Batting: RHB Ben Burkholder 0-0: Foul Ball, location: 2F
0-1: SINGLE (Flyball, 6D, EV 80.6 MPH)
Coen Dirks to second
Batting: RHB Dave Fredericks 0-0: Called Strike
0-1: Ball
1-1: Swinging Strike
1-2: Foul Ball, location: 2F
1-2: Foul Ball, location: 2F
1-2: Strikes out swinging
Top of the 2nd over - 0 runs, 2 hits, 0 errors, 2 left on base; Pennsylvania State University 2 - Clemson University 0
BOTTOM OF THE 2ND
Clemson University Tigers batting - Pitching for Pennsylvania State University Nittany Lions : LHP Enrique Espinoza
Batting: RHB Jaime Rios 0-0: Fly out, F3 (Popup, 3F, EV 68.1 MPH)
Batting: RHB Ken Manser 0-0: Ball
1-0: Ball
2-0: Ball
3-0: Called Strike
3-1: Foul Ball, location: 2F
3-2: Fly out, F4 (Flyball, 4D, EV 83.1 MPH)
Batting: SHB Ronnie Brooks 0-0: Ball
1-0: Ground out 5-3 (Groundball, 5, EV 83.8 MPH)
Bottom of the 2nd over - 0 runs, 0 hits, 0 errors, 0 left on base; Pennsylvania State University 2 - Clemson University 0
TOP OF THE 3RD
Pennsylvania State University Nittany Lions batting - Pitching for Clemson University Tigers : RHP Zhao-jun Zong
Batting: LHB Angel Oropeza 0-0: Foul Ball, location: 2F
0-1: Ground out U3 (Groundball, 34, EV 88.8 MPH)
Batting: RHB Brian Rogers 0-0: Swinging Strike
0-1: Foul Ball, location: 2F
0-2: Foul Ball, location: 2F
0-2: Ball
1-2: Ground out 6-3 (Groundball, 6, EV 83.8 MPH)
Batting: RHB Ethan Finke 0-0: Fly out, F8 (Flyball, 89M, EV 86.9 MPH)
Top of the 3rd over - 0 runs, 0 hits, 0 errors, 0 left on base; Pennsylvania State University 2 - Clemson University 0
BOTTOM OF THE 3RD
Clemson University Tigers batting - Pitching for Pennsylvania State University Nittany Lions : LHP Enrique Espinoza
Batting: LHB Pablo Serrato 0-0: Fly out, F5 (Popup, 5F, EV 73.1 MPH)
Batting: RHB Carlos Gonzalez 0-0: Ball
1-0: Foul Ball, location: 2F
1-1: Called Strike
1-2: Foul Ball, location: 2F
1-2: Fly out, F9 (Flyball, 9LS, EV 88.1 MPH)
Batting: LHB Pat Fontana 0-0: Ball
1-0: Ball
2-0: Ball
3-0: Base on Balls
Batting: LHB Nick Martin 0-0: Swinging Strike
0-1: Ground out 6-3 (Groundball, 6S, EV 69.4 MPH)
Bottom of the 3rd over - 0 runs, 0 hits, 0 errors, 1 left on base; Pennsylvania State University 2 - Clemson University 0
TOP OF THE 4TH
Pennsylvania State University Nittany Lions batting - Pitching for Clemson University Tigers : RHP Zhao-jun Zong
Pitching: RHP Josh Blaschke
Batting: RHB Alberto Bravo 0-0: Ball
1-0: Swinging Strike
1-1: Ball
2-1: Ground out U3 (Groundball, 23, EV 85.6 MPH)
Batting: RHB Roberto Torres 0-0: Ball
1-0: Ball
2-0: Ball
3-0: Base on Balls
Batting: RHB Chris Trites 0-0: Called Strike
0-1: Ball
1-1: SINGLE (Flyball, 78S, EV 91.3 MPH)
Roberto Torres to second
Batting: RHB Coen Dirks 0-0: Called Strike
0-1: Swinging Strike
0-2: Ball
1-2: Fielders Choice at 2nd, 4-6 (Groundball, 4, EV 83.8 MPH)
Roberto Torres to third
Batting: RHB Ben Burkholder 0-0: Ball
1-0: Swinging Strike
1-1: Called Strike
1-2: Ball
2-2: Strikes out swinging
Top of the 4th over - 0 runs, 1 hit, 0 errors, 2 left on base; Pennsylvania State University 2 - Clemson University 0
BOTTOM OF THE 4TH
Clemson University Tigers batting - Pitching for Pennsylvania State University Nittany Lions : LHP Enrique Espinoza
Batting: RHB Leo Candelas 0-0: Ball
1-0: Foul Ball, location: 2F
1-1: Swinging Strike
1-2: Ball
2-2: SINGLE (Line Drive, 9S, EV 96.9 MPH)
Batting: RHB Wes Reynolds 0-0: Ball
1-0: Ball
2-0: Called Strike
2-1: Ball
3-1: SINGLE (Groundball, 6S, EV 73.8 MPH) (infield hit)
Leo Candelas to second
Batting: RHB Jaime Rios 0-0: Foul Ball, location: 2F
0-1: Fly out, F7 (Flyball, 78D, EV 85.6 MPH)
Runner from 2nd tags up, SAFE at 3rd with throw by LF
Batting: RHB Ken Manser 0-0: Ball
Wes Reynolds steals 2nd base
1-0: Foul Ball, location: 2F
1-1: Ball
2-1: SINGLE (Groundball, 5D, EV 98.8 MPH)
Leo Candelas scores
Wes Reynolds to third
Runner from 3rd tries for Home, SAFE, throw by LF to home
Batting: SHB Ronnie Brooks 0-0: Called Strike
0-1: Foul Ball, location: 2F
0-2: Fly out, F7 (Line Drive, 7, EV 93.8 MPH)
Batting: LHB Pablo Serrato 0-0: Ball
1-0: Ball
2-0: Ball
3-0: Called Strike
3-1: Fly out, F9 (Flyball, 9LS, EV 83.1 MPH)
Bottom of the 4th over - 2 runs, 3 hits, 0 errors, 1 left on base; Pennsylvania State University 2 - Clemson University 2
TOP OF THE 5TH
Pennsylvania State University Nittany Lions batting - Pitching for Clemson University Tigers : RHP Josh Blaschke
Batting: RHB Dave Fredericks 0-0: Fly out, F8 (Flyball, 8RD, EV 82.5 MPH)
Batting: LHB Angel Oropeza 0-0: Called Strike
0-1: Ball
1-1: SOLO HOME RUN (Flyball, 89XD, EV 111.3 MPH), Distance : 420 ft
Batting: RHB Brian Rogers 0-0: Ball
1-0: Ball
2-0: Called Strike
2-1: Foul Ball, location: 2F
2-2: Ball
3-2: Foul Ball, location: 2F
3-2: Fly out, F7 (Line Drive, 7D, EV 100.6 MPH)
Batting: RHB Ethan Finke 0-0: Ball
1-0: Called Strike
1-1: Called Strike
1-2: Foul Ball, location: 2F
1-2: Foul Ball, location: 2F
1-2: Strikes out swinging passed ball, reaches first!
Batting: RHB Alberto Bravo 0-0: Ball
1-0: Ball
2-0: Ball
3-0: Base on Balls
Ethan Finke to second
Batting: RHB Roberto Torres 0-0: Called Strike
0-1: Ball
1-1: Ball
2-1: Swinging Strike
2-2: Strikes out swinging
Top of the 5th over - 1 run, 1 hit, 0 errors, 2 left on base; Pennsylvania State University 3 - Clemson University 2
BOTTOM OF THE 5TH
Clemson University Tigers batting - Pitching for Pennsylvania State University Nittany Lions : LHP Enrique Espinoza
Pitching: RHP Greg Hall
Pinch Hitting: LHB Jamie Spangenberg 0-0: Called Strike
0-1: Ball
1-1: Called Strike
1-2: Ball
2-2: Foul Ball, location: 2F
2-2: SOLO HOME RUN (Flyball, 7D, EV 113.1 MPH), Distance : 419 ft
Batting: LHB Pat Fontana 0-0: Ball
1-0: Swinging Strike
1-1: Ground out 4-3 (Groundball, 4, EV 85.0 MPH)
Batting: LHB Nick Martin 0-0: Foul Ball, location: 2F
0-1: Foul Ball, location: 2F
0-2: Foul Ball, location: 2F
0-2: Ball
1-2: Foul Ball, location: 2F
1-2: Ball
2-2: Ball
3-2: Fly out, F8 (Line Drive, 8LM, EV 108.8 MPH)
Batting: RHB Leo Candelas 0-0: Fly out, F9 (Line Drive, 9, EV 107.5 MPH)
Bottom of the 5th over - 1 run, 1 hit, 0 errors, 0 left on base; Pennsylvania State University 3 - Clemson University 3
TOP OF THE 6TH
Pennsylvania State University Nittany Lions batting - Pitching for Clemson University Tigers : RHP Josh Blaschke
Pitching: RHP Alex Portocarrero
Now at 1B: Jorge Renteria
Pinch Hitting: SHB Kevin Greenan 0-0: Swinging Strike
0-1: Fly out, F9 (Flyball, 89S, EV 85.6 MPH)
Pinch Hitting: RHB Eric Wiss 0-0: Ball
1-0: Ball
2-0: Fly out, F6 (Popup, 6, EV 68.8 MPH)
Batting: RHB Ben Burkholder 0-0: SINGLE (Groundball, 13, EV 88.8 MPH) (infield hit)
Batting: LHB Tyler Francis 0-0: Ball
1-0: Ball
2-0: Called Strike
2-1: Swinging Strike
2-2: Strikes out swinging
Top of the 6th over - 0 runs, 1 hit, 0 errors, 1 left on base; Pennsylvania State University 3 - Clemson University 3
BOTTOM OF THE 6TH
Clemson University Tigers batting - Pitching for Pennsylvania State University Nittany Lions : RHP Greg Hall
Now at 1B: Brian Rogers
Now at 2B: Eric Wiss
Now at 3B: Tim Long
Batting: RHB Wes Reynolds 0-0: Called Strike
0-1: Ball
1-1: Swinging Strike
1-2: Ground out 2-3 (Groundball, 15S, EV 65.6 MPH)
Batting: RHB Jaime Rios 0-0: Called Strike
0-1: Ball
1-1: Foul Ball, location: 2F
1-2: SOLO HOME RUN (Flyball, 8RXD, EV 108.8 MPH), Distance : 451 ft
Batting: RHB Ken Manser 0-0: Foul Ball, location: 2F
0-1: Foul Ball, location: 2F
0-2: Ball
1-2: Ball
2-2: Strikes out looking
Batting: SHB Ronnie Brooks 0-0: Ball
1-0: Ball
2-0: Called Strike
2-1: Ball
3-1: Base on Balls
Batting: LHB Pablo Serrato 0-0: Ball
1-0: Ball
2-0: Called Strike
2-1: Foul Ball, location: 2F
2-2: Ground out 5-3 (Groundball, 56S, EV 83.1 MPH)
Bottom of the 6th over - 1 run, 1 hit, 0 errors, 1 left on base; Pennsylvania State University 3 - Clemson University 4
TOP OF THE 7TH
Pennsylvania State University Nittany Lions batting - Pitching for Clemson University Tigers : RHP Alex Portocarrero
Pinch Hitting: RHB Julian Gregory 0-0: Called Strike
0-1: Foul Ball, location: 2F
0-2: Ball
1-2: Foul Ball, location: 2F
1-2: Foul Ball, location: 2F
1-2: Foul Ball, location: 2F
1-2: Strikes out swinging
Batting: RHB Brian Rogers 0-0: Called Strike
0-1: SOLO HOME RUN (Flyball, 7D, EV 105.0 MPH), Distance : 408 ft
Batting: RHB Ethan Finke 0-0: Ball
1-0: Called Strike
1-1: Ball
2-1: Ball
3-1: Fly out, F7 (Flyball, 7, EV 78.1 MPH)
Batting: RHB Alberto Bravo 0-0: SINGLE (Line Drive, 9LS, EV 98.8 MPH)
Batting: RHB Roberto Torres 0-0: Ball
1-0: Ground out U3 (Groundball, 3L, EV 96.3 MPH)
Top of the 7th over - 1 run, 2 hits, 0 errors, 1 left on base; Pennsylvania State University 4 - Clemson University 4
BOTTOM OF THE 7TH
Clemson University Tigers batting - Pitching for Pennsylvania State University Nittany Lions : RHP Greg Hall
Pitching: RHP Jesus Castro
Now in RF: Mike Larson
Batting: SHB Jorge Renteria 0-0: Ball
1-0: Ball
2-0: SINGLE (Groundball, 4, EV 103.8 MPH)
Batting: LHB Pat Fontana 0-0: Ball
1-0: Fly out, F8 (Line Drive, 8LD, EV 88.1 MPH)
Pinch Hitting: SHB Justin Hensley 0-0: Ball
1-0: Ball
2-0: Ball
3-0: Called Strike
3-1: Called Strike
3-2: Foul Ball, location: 2F
3-2: Strikes out swinging
Batting: RHB Ryan Starks 0-0: Foul Ball, location: 2F
0-1: Ball
1-1: Ball
2-1: Called Strike
2-2: Foul Ball, location: 2F
2-2: SINGLE (Flyball, 4MD, EV 94.4 MPH)
Jorge Renteria to second
Batting: RHB Wes Reynolds 0-0: Ground out 6-3 (Groundball, 6M, EV 103.1 MPH)
Bottom of the 7th over - 0 runs, 2 hits, 0 errors, 2 left on base; Pennsylvania State University 4 - Clemson University 4
TOP OF THE 8TH
Pennsylvania State University Nittany Lions batting - Pitching for Clemson University Tigers : RHP Alex Portocarrero
Pitching: RHP Kyle Moser
Now in RF: Brandon Homol
Batting: RHB Tim Long 0-0: Ball
1-0: Foul Ball, location: 2F
1-1: Ball
2-1: Foul Ball, location: 2F
2-2: Ball
3-2: Base on Balls
Batting: RHB Eric Wiss 0-0: Ball
1-0: Ball
2-0: Called Strike
2-1: Called Strike
2-2: Fly out, F9 (Flyball, 89D, EV 76.9 MPH)
Pinch Hitting: RHB Fate Makeever 0-0: Foul Ball, location: 2F
0-1: Foul Ball, location: 2F
0-2: Ball
1-2: Ball
2-2: Foul Ball, location: 2F
2-2: SINGLE (Groundball, 56D, EV 98.1 MPH)
Tim Long to second
Batting: LHB Tyler Francis 0-0: Ball
Wild Pitch!
Tim Long to third
Fate Makeever to second
1-0: Intentional Walk
Batting: RHB Mike Larson 0-0: Called Strike
0-1: Ball
1-1: Ball
2-1: Ball
3-1: Grounds into fielders choice 6-2 (Groundball, 6, EV 81.9 MPH)
Fate Makeever to third
Tyler Francis to second
Batting: RHB Brian Rogers 0-0: GRAND SLAM HOME RUN (Flyball, 7D, EV 112.5 MPH), Distance : 414 ft
Pitching: LHP Bobby Ruiz
Batting: RHB Ethan Finke 0-0: Swinging Strike
0-1: Ball
1-1: Ball
2-1: Foul Ball, location: 2F
2-2: Strikes out swinging
Top of the 8th over - 4 runs, 2 hits, 0 errors, 0 left on base; Pennsylvania State University 8 - Clemson University 4
BOTTOM OF THE 8TH
Clemson University Tigers batting - Pitching for Pennsylvania State University Nittany Lions : RHP Jesus Castro
Now in LF: Fate Makeever
Batting: RHB Jaime Rios 0-0: Called Strike
0-1: Ball
1-1: Ball
2-1: Foul Ball, location: 2F
2-2: Ball
3-2: Base on Balls
Batting: RHB Ken Manser 0-0: Called Strike
0-1: Foul Ball, location: 2F
0-2: Ball
1-2: Strikes out swinging
Batting: SHB Ronnie Brooks 0-0: Called Strike
0-1: Ball
1-1: Grounds into double play, 6-4-3 (Groundball, 6, EV 100.0 MPH)
Bottom of the 8th over - 0 runs, 0 hits, 0 errors, 0 left on base; Pennsylvania State University 8 - Clemson University 4
TOP OF THE 9TH
Pennsylvania State University Nittany Lions batting - Pitching for Clemson University Tigers : LHP Bobby Ruiz
Batting: RHB Alberto Bravo 0-0: Ball
1-0: Called Strike
1-1: Swinging Strike
1-2: Foul Ball, location: 2F
1-2: Ball
2-2: Strikes out looking
Pinch Hitting: RHB Luke Vaccarino 0-0: Hit by Pitch
Pinch Runner at 1st Jose Cerritos:
Batting: RHB Tim Long 0-0: Called Strike
0-1: SINGLE (Groundball, 34D, EV 76.3 MPH) (infield hit)
Jose Cerritos to second
Batting: RHB Eric Wiss 0-0: Called Strike
0-1: SINGLE (Groundball, 6D, EV 106.3 MPH)
Jose Cerritos to third
Tim Long to second
Batting: RHB Fate Makeever 0-0: Fly out, F7 (Flyball, 7D, EV 85.0 MPH)
Runner from 3rd tags up, SCORES, no throw by LF
Batting: LHB Tyler Francis 0-0: Called Strike
0-1: Ball
1-1: Swinging Strike
1-2: Foul Ball, location: 2F
1-2: Ball
2-2: Foul Ball, location: 2F
2-2: Ball
3-2: Fly out, F7 (Flyball, 7LM, EV 91.3 MPH)
Top of the 9th over - 1 run, 2 hits, 0 errors, 2 left on base; Pennsylvania State University 9 - Clemson University 4
BOTTOM OF THE 9TH
Clemson University Tigers batting - Pitching for Pennsylvania State University Nittany Lions : RHP Jesus Castro
Now at C: Jose Cerritos
Batting: LHB Pablo Serrato 0-0: Foul Ball, location: 2F
0-1: Foul Ball, location: 2F
0-2: Ball
1-2: Strikes out looking
Batting: SHB Jorge Renteria 0-0: Ball
1-0: Foul Ball, location: 2F
1-1: Fly out, F8 (Flyball, 8LD, EV 91.9 MPH)
Batting: LHB Pat Fontana 0-0: SINGLE (Flyball, 8RS, EV 90.6 MPH)
Pitching: LHP Ighlas Kumbuka
Batting: LHB Brandon Homol 0-0: Ball
1-0: Called Strike
1-1: SINGLE (Groundball, 56D, EV 108.8 MPH)
Pat Fontana to second
Batting: RHB Ryan Starks 0-0: Ball
1-0: Ball
2-0: Foul Ball, location: 2F
2-1: Foul Ball, location: 2F
2-2: Foul Ball, location: 2F
2-2: Ball
3-2: Foul Ball, location: 2F
3-2: Base on Balls
Pat Fontana to third
Brandon Homol to second
Pitching: LHP Nick Burnstein
Pinch Hitting: RHB Mike Elkins 0-0: Ball
1-0: Called Strike
1-1: Foul Ball, location: 2F
1-2: Foul Ball, location: 2F
1-2: Hit by Pitch
Pat Fontana scores
Brandon Homol to third
Ryan Starks to second
Batting: RHB Jaime Rios 0-0: Ball
1-0: Foul Ball, location: 2F
1-1: Ball
2-1: Foul Ball, location: 2F
2-2: Strikes out looking
Bottom of the 9th over - 1 run, 2 hits, 0 errors, 3 left on base; Pennsylvania State University 9 - Clemson University 5
Thursday, March 31st , 2022 - OOTP Baseball 22.12 Build 89